 Seeded DCSS version 0.28-a0-984-g3775c662fe (webtiles) character file.

Game seed: 1253952682822606321 (custom seed)

59 croobank the Ducker (level 4, 0/41 HPs)
             Began as a Gnoll Monk on Dec 4, 2021.
             Slain by Jessica (4 damage)
             ... on level 3 of the Dungeon.
             The game lasted 00:06:09 (1531 turns).

croobank the Ducker (Gnoll Monk)                    Turns: 1531, Time: 00:06:10

Health: 0/41       AC:  6    Str: 10    XL:     4   Next: 3%
Magic:  5/5        EV: 14    Int: 11    God:
Gold:   142        SH:  5    Dex: 15    Spells: 5/5 levels left

rFire   . . .      SeeInvis +   a - +0 hand axe
rCold   . . .      Faith    .   l - +1 buckler {AC+3}
rNeg    . . .      Spirit   .   i - +0 leather armour
rPois   .          Reflect  .   (no helmet)
rElec   .          Harm     .   (no cloak)
rCorr   .          Rampage  .   (no gloves)
Will    .....                   (no boots)
Stlth   ++........              (no amulet)
HPRegen 0.13/turn               m - ring of see invisible
MPRegen 0.09/turn               (no ring)

@: slowed, very slow
A: fangs 1, strong nose, distributed training
a: no special abilities


You were on level 3 of the Dungeon.
You visited 1 branch of the dungeon, and saw 3 of its levels.

You collected 142 gold pieces.

Inventory:

Hand Weapons
 a - a +0 hand axe (weapon)
 f - a +0 short sword
Missiles
 j - 67 stones (quivered)
 o - 15 poisoned darts
Armour
 b - a +0 robe
 h - a +0 chain mail
 i - a +0 leather armour (worn)
 l - a +1 buckler of protection (worn)
Jewellery
 m - a ring of see invisible (left hand)
Scrolls
 k - a scroll of enchant armour {unknown}
 n - a scroll of teleportation {unknown}
 p - a scroll of magic mapping {unknown}
Potions
 c - a potion of mutation {unknown}
 d - 2 potions of brilliance {unknown}
 e - 2 potions of curing {unknown}
 g - a potion of cancellation {unknown}


   Skills:
 + Level 6.5 Fighting
 + Level 1.0 Short Blades
 + Level 1.0 Long Blades
 + Level 6.5 Axes
 + Level 1.0 Maces & Flails
 + Level 1.0 Polearms
 + Level 1.0 Staves
 + Level 1.0 Slings
 + Level 1.0 Bows
 + Level 1.0 Crossbows
 + Level 1.0 Throwing
 + Level 1.0 Armour
 + Level 6.5 Dodging
 + Level 4.2 Stealth
 + Level 1.0 Shields
 + Level 1.0 Unarmed Combat
 + Level 1.0 Spellcasting
 + Level 0.7 Conjurations
 + Level 0.7 Hexes
 + Level 0.7 Summonings
 + Level 0.7 Necromancy
 + Level 0.7 Translocations
 + Level 0.7 Transmutations
 + Level 0.7 Fire Magic
 + Level 0.7 Ice Magic
 + Level 0.7 Air Magic
 + Level 0.7 Earth Magic
 + Level 0.7 Poison Magic
 + Level 1.1 Invocations
 + Level 1.0 Evocations


You had 5 spell levels left.
You didn't know any spells.
Your spell library contained the following spells:

 Spells                   Type           Power      Damage    Failure   Level
 Sublimation of Blood     Necr           2%         N/A       56%         2
 Wereblood                Tmut           2%         N/A       56%         2
 Summon Hydra             Summ           1%         N/A       100%        7


Dungeon Overview and Level Annotations

Branches:
Dungeon (3/15)

Altars:

Annotations:
D:3 Jessica


Innate Abilities, Weirdness & Mutations

You have very sharp teeth.
Your uncanny sense of smell can sniff out nearby items.
Your experience applies equally to all skills.


Message History

Jessica is moderately wounded.
Jessica barely misses you. Jessica hits you with a +0 dagger.
You closely miss Jessica.
Jessica is moderately wounded.
Jessica barely misses you.
You hit Jessica but do no damage.
Jessica is moderately wounded.
Jessica casts a spell.
Jessica blinks!
You barely miss Jessica. You bite Jessica, but do no damage.
Jessica is moderately wounded.
Jessica closely misses you. Jessica hits you but does no damage.
You barely miss Jessica. You bite Jessica.
Jessica is heavily wounded.
You block Jessica's attack. x2
You hit Jessica but do no damage.
Jessica is heavily wounded.
Jessica hits you with a +0 dagger.
You barely miss Jessica.
Jessica is heavily wounded.
Jessica gestures at you while chanting. Pain shoots through your body!
Jessica misses you.
You barely miss Jessica.
Jessica is heavily wounded.
Jessica closely misses you.
You hit Jessica but do no damage.
Jessica is heavily wounded.
Jessica points at you and mumbles some strange words.
You feel yourself slow down.
Jessica casts a spell.
Jessica blinks!
Jessica hits you with a +0 dagger. Jessica hits you but does no damage.
You hit Jessica.
Jessica is heavily wounded.
Jessica hits you with a +0 dagger. Jessica casts a spell at you.
Pain shoots through your body!
* * * LOW HITPOINT WARNING * * *
Jessica hits you but does no damage. Jessica hits you with a +0 dagger.
You die...

## .#
.#
###.##
#....#
#>####
#.#
#@#
#@# ∆
#.#
#.####
#....#
####.#
#.#
#.#
#.#


You could see Jessica (fast).

Vanquished Creatures
  A worm (D:2)
  4 dart slugs
  5 ball pythons
  A bat (D:1)
  2 endoplasms
  A goblin (D:1)
  3 hobgoblins
  4 jackals (D:1)
  3 quokkas
  A frilled lizard (D:1)
  2 kobolds (D:1)
  23 rats
50 creatures vanquished.

Notes
Turn   | Place    | Note
-------+----------+-------------------------------------------
     0 | D:1      | croobank the Gnoll Monk began the quest for the Orb.
     0 | D:1      | Reached XP level 1. HP: 23/23 MP: 1/1
   309 | D:1      | Reached XP level 2. HP: 27/29 MP: 2/2
   797 | D:1      | Reached XP level 3. HP: 29/35 MP: 3/3
  1116 | D:2      | Reached skill level 1 in Invocations
  1241 | D:2      | Reached skill level 1 in Short Blades
  1241 | D:2      | Reached skill level 1 in Long Blades
  1241 | D:2      | Reached skill level 1 in Maces & Flails
  1241 | D:2      | Reached skill level 1 in Polearms
  1241 | D:2      | Reached skill level 1 in Staves
  1241 | D:2      | Reached skill level 1 in Slings
  1241 | D:2      | Reached skill level 1 in Bows
  1241 | D:2      | Reached skill level 1 in Crossbows
  1241 | D:2      | Reached skill level 1 in Throwing
  1241 | D:2      | Reached skill level 1 in Armour
  1241 | D:2      | Reached skill level 1 in Shields
  1241 | D:2      | Reached skill level 1 in Unarmed Combat
  1241 | D:2      | Reached skill level 1 in Spellcasting
  1241 | D:2      | Reached skill level 1 in Evocations
  1511 | D:3      | Reached XP level 4. HP: 41/41 MP: 5/5
  1511 | D:3      | Noticed Jessica
  1531 | D:3      | Slain by Jessica

Illustrated notes

Levels and vault maps discovered:
D:1:      minmay_arrival_open_corners, layout_loops_ring
D:2:      layout_rooms, minmay_rat_hole
D:3:      cheibrodos_helix_gallery, layout_basic,
          dreamdust_ecumenical_altar_hidden_monk_grotto, uniq_robin,
          uniq_jessica

Skill      XL: |  1  2  3 |
---------------+----------+-----
Invocations    | 1 |  1.1
Short Blades   | 1 |  1.0
Long Blades    | 1 |  1.0
Maces & Flails | 1 |  1.0
Polearms       | 1 |  1.0
Staves         | 1 |  1.0
Slings         | 1 |  1.0
Bows           | 1 |  1.0
Crossbows      | 1 |  1.0
Throwing       | 1 |  1.0
Armour         | 1 |  1.0
Shields        | 1 |  1.0
Unarmed Combat | 1 |  1.0
Spellcasting   | 1 |  1.0
Evocations     | 1 |  1.0
Fighting       | |  6.5
Axes           | |  6.5
Dodging        | |  6.5
Stealth        | |  4.2
Conjurations   | |  0.7
Hexes          | |  0.7
Summonings     | |  0.7
Necromancy     | |  0.7
Translocations | |  0.7
Transmutations | |  0.7
Fire Magic     | |  0.7
Ice Magic      | |  0.7
Air Magic      | |  0.7
Earth Magic    | |  0.7
Poison Magic   | |  0.7

Action                   |  1- 3 |  4- 6 || total
-------------------------+-------+-------++-------
Melee: Hand axe          |   135 |    14 ||   149
       Bite              |     9 |     2 ||    11
 Stab: Sleeping          |     6 |       ||     6
Armor: Robe              |    10 |       ||    10
       Leather armour    |    13 |     3 ||    16
Dodge: Dodged            |    86 |     7 ||    93
Block: Buckler           |     7 |     3 ||    10

Table legend: (Time is in decaauts)
 A = Elapsed time spent in this place.
 B = Non-inter-level travel time spent in this place.
 C = Inter-level travel time spent in this place.
 D = Time resting spent in this place.
 E = Time spent auto-exploring this place.
 F = Levels seen in this place.
 G = Mean time per level.
                   A        B        C        D        E       F      G
               +--------+--------+--------+--------+--------+-----+--------+
         Total |   1531 |   1468 |     63 |      0 |    984 |   3 |  510.3 |
       Dungeon |   1531 |   1468 |     63 |      0 |    984 |   3 |  510.3 |
               +--------+--------+--------+--------+--------+-----+--------+

Top non-repeatable levels by time:
     D:1: 1001 daAuts
     D:2: 489 daAuts
     D:3: 41 daAuts
